Map: Frost LE

Players

Strange - Winner!

  • Race: Protoss Protoss
  • League: Master

SortOf

  • Race: Zerg Zerg
  • League: Grandmaster

VOD

Have the link to the VOD?

Description

Time

  • Played on: Oct. 30, 2016, 6:45 a.m.
  • Length: 8:39
Show
View Real Time Build Order
Export as new Build Order

Strange Protoss - Winner!

Build Orders: 1 Gate Expand, Zealot Archon 

Get SALT Encoding   

  12  0:00  Probe (Chrono Boost)  
  13  0:11  Probe (Chrono Boost)  
  14  0:18  Pylon  
  14  0:22  Probe (Chrono Boost)  
  15  0:36  Probe (Chrono Boost)  
  15  0:38  Gateway  
  16  0:47  Probe (Chrono Boost)  
  17  0:57  Probe (Chrono Boost)  
  17  0:58  Assimilator  
  18  1:08  Probe (Chrono Boost)  
  19  1:19  Nexus, Unknown  
  19  1:22  Probe (Chrono Boost)  
  20  1:33  Cybernetics Core  
  20  1:36  Probe (Chrono Boost)  
  21  1:41  Assimilator  
  21  1:46  Probe (Chrono Boost)  
  22  1:50  Pylon  
  22  1:57  Probe (Chrono Boost)  
  23  2:06  Adept  
  24  2:09  Warp Gate  
  24  2:10  Probe (Chrono Boost)  
  26  2:21  Twilight Council  
  26  2:22  Probe (Chrono Boost)  
  27  2:31  Unknown  
  27  2:32  Probe (Chrono Boost)  
  27  2:33  Probe (Chrono Boost), Stalker  
  31  2:42  Probe (Chrono Boost)  
  33  2:44  Probe (Chrono Boost)  
  33  2:46  Resonating Glaives  
  33  2:53  Probe (Chrono Boost)  
  33  2:55  Probe (Chrono Boost)  
  35  3:05  Probe (Chrono Boost)  
  36  3:06  Probe (Chrono Boost)  
  37  3:17  Probe x2 (Chrono Boost)  
  39  3:26  Robotics Facility  
  37  3:27  Probe (Chrono Boost)  
  37  3:29  Probe (Chrono Boost)  
  37  3:32  Gateway x2  
  39  3:36  Gateway  
  39  3:39  Probe (Chrono Boost)  
  39  3:40  Mothership Core (Chrono Boost)  
  42  3:44  Pylon  
  42  3:51  Probe (Chrono Boost), Assimilator  
  42  3:53  Assimilator  
  43  3:59  Probe (Chrono Boost)  
  45  4:03  Probe (Chrono Boost)  
  45  4:04  Dark Shrine  
  45  4:07  Pylon  
  45  4:09  Probe (Chrono Boost)  
  46  4:10  Warp Prism  
  46  4:15  Probe (Chrono Boost)  
  49  4:18  Adept  
  49  4:20  Probe (Chrono Boost)  
  52  4:29  Adept  
  52  4:30  Adept  
  56  4:32  Adept  
  58  4:40  Adept, Pylon  
  60  4:49  Pylon  
  60  5:01  Pylon  
  60  5:02  Adept  
  60  5:03  Adept x3  
  66  5:21  Stalker  
  66  5:22  Stalker  
  66  5:23  Adept  
  66  5:24  Adept  
  74  5:30  Nexus, Unknown  
  74  5:32  Pylon  
  74  5:48  Dark Templar x4  
  80  5:54  Archon  
  80  5:55  Archon  
  74  6:06  Immortal  
  70  6:16  Probe x2 (Chrono Boost), Pylon  
  72  6:25  Sentry  
  72  6:26  Adept x2, Sentry  
  80  6:36  Gateway  
  80  6:37  Unknown x2, Gateway  
  80  6:40  Gateway, Immortal  
  80  6:42  Unknown  
  84  7:01  Adept x4  
  92  7:12  Probe (Chrono Boost)  
  92  7:13  Probe x2 (Chrono Boost)  
  95  7:17  Immortal  
  95  7:19  Pylon  
  95  7:20  Sentry  
  101  7:25  Probe (Chrono Boost)  
  102  7:32  Adept x3  
  106  7:37  Adept x3  
  110  7:52  Probe (Chrono Boost)  
  110  7:53  Probe x2 (Chrono Boost)  
  110  7:55  Pylon  
  113  7:59  Observer  
  115  8:05  Probe (Chrono Boost)  
  115  8:10  Pylon  
  115  8:12  Pylon  
  115  8:16  Adept x7  
  117  8:36  Adept x6  
  117  8:37  Adept  
Show
View Real Time Build Order
Export as new Build Order

SortOf Zerg 

Build Orders: Hatch First 

Get SALT Encoding   

  12  0:02  Drone  
  13  0:13  Overlord  
  13  0:18  Drone  
  14  0:32  Drone x2  
  16  0:51  Unknown, Hatchery  
  16  0:52  Drone  
  16  0:56  Drone  
  17  0:59  Drone  
  18  1:10  Extractor, Drone  
  18  1:18  Spawning Pool  
  17  1:21  Drone  
  18  1:30  Drone  
  19  1:39  Overlord  
  19  1:51  Drone  
  20  2:02  Unknown  
  20  2:04  Queen  
  20  2:05  Queen, Zergling x2  
  20  2:06  Drone  
  26  2:10  Metabolic Boost  
  26  2:15  Drone x2  
  28  2:24  Drone  
  28  2:25  Drone  
  30  2:39  Unknown, Hatchery  
  29  2:44  Overlord  
  29  2:46  Drone  
  29  2:51  Zergling x4  
  31  2:55  Zergling x2  
  32  2:59  Pneumatized Carapace  
  32  3:04  Drone  
  33  3:06  Drone  
  33  3:08  Drone  
  34  3:14  Drone  
  34  3:15  Drone x3  
  34  3:16  Drone  
  34  3:19  Drone  
  40  3:24  Overlord  
  40  3:25  Overlord  
  40  3:41  Roach Warren  
  39  3:42  Queen  
  39  3:45  Zergling x4  
  43  3:49  Drone x2  
  43  3:50  Unknown  
  45  3:56  Lair  
  45  3:57  Drone x4  
  45  3:59  Drone  
  45  4:01  Drone  
  51  4:11  Extractor, Evolution Chamber  
  51  4:14  Overlord  
  49  4:22  Roach x3  
  55  4:28  Roach  
  57  4:35  Queen  
  57  4:37  Spore Crawler x2, Drone x5  
  62  4:42  Roach  
  62  4:43  Roach  
  66  4:50  Overlord  
  66  4:51  Overlord  
  66  4:54  Overseer  
  66  4:57  Overlord  
  66  5:07  Overlord  
  66  5:09  Zergling x14  
  73  5:19  Drone x6  
  73  5:20  Drone  
  77  5:29  Zerg Melee Weapons Level 1  
  77  5:30  Glial Reconstitution  
  75  5:36  Zergling x12  
  77  5:43  Drone  
  77  5:44  Drone x2  
  77  5:48  Zergling x4  
  77  5:49  Zergling x2  
  75  5:50  Evolution Chamber  
  75  5:52  Drone x2  
  75  5:55  Drone  
  76  6:00  Drone x3  
  76  6:01  Drone  
  74  6:07  Drone x2  
  74  6:08  Drone x2  
  74  6:14  Roach x2  
  74  6:16  Queen  
  80  6:22  Roach x3  
  86  6:26  Spore Crawler  
  86  6:27  Ravager  
  86  6:31  Roach  
  86  6:32  Overlord, Zergling x2  
  89  6:37  Extractor  
  89  6:39  Overlord  
  88  6:41  Zergling x2  
  88  6:44  Overlord  
  88  6:46  Overlord x2  
  89  6:50  Queen  
  89  6:54  Drone x3  
  87  6:55  Drone x2  
  89  7:01  Roach  
  89  7:02  Roach  
  89  7:07  Extractor, Hydralisk Den  
  91  7:09  Drone x2  
  91  7:12  Zergling x12  
  99  7:18  Drone x2  
  101  7:26  Drone x2  
  103  7:35  Overlord  
  101  7:39  Drone x3  
  101  7:40  Drone  
  104  7:44  Hydralisk x3  
  104  7:49  Extractor  
  108  7:53  Hydralisk  
  108  7:54  Hydralisk  
  108  7:55  Zergling x6  
  108  7:56  Extractor  
  114  8:02  Hydralisk x2  
  114  8:04  Overlord  
  118  8:10  Drone x3  
  120  8:14  Hydralisk  
  120  8:15  Zergling x2  
  120  8:16  Overlord x2  
  120  8:19  Overlord  
Tags
 
Add a new tag
Caveats
  • Supply blocks, unpowered buildings, or Contaminate may cause inaccurate times.
  • Supply counts are checked every 10 seconds.